 Dungeon Crawl Stone Soup version 0.29.1-15-g9cfb28693d (webtiles) character file.

Game seed: 7962013454601436653

928 venomsnake the Trooper (level 7, -1/99 HPs)
             Began as a Minotaur Berserker on Apr 28, 2023.
             Was a Priest of Trog.
             Slain by a yak (12 damage)
             ... on level 6 of the Dungeon on May 12, 2023.
             The game lasted 00:10:41 (4855 turns).

venomsnake the Trooper (Minotaur Berserker)         Turns: 4855, Time: 00:10:42

Health: -1/99      AC: 13    Str: 30    XL:     7   Next: 85%
Magic:  6/6        EV:  8    Int:  4    God:    Trog [***...]
Gold:   273        SH:  0    Dex:  9    Spells: 6/6 levels left

rFire   + . .      SeeInvis .   a - +0 falchion
rCold   . . .      Faith    .   (no shield)
rNeg    . . .      Spirit   .   g - +0 plate armour
rPois   .          Reflect  .   (helmet restricted)
rElec   .          Harm     .   (no cloak)
rCorr   .          Rampage  .   (no gloves)
Will    .....                   w - +0 pair of boots
Stlth   ..........              (no amulet)
HPRegen 0.26/turn               f - +6 ring of strength
MPRegen 0.10/turn               b - ring of protection from fire

@: berserking, very quick
A: horns 2, retaliatory headbutt
a: Renounce Religion, Berserk, Trog's Hand


You were on level 6 of the Dungeon.
You worshipped Trog.
Trog was most pleased with you.
You visited 1 branch of the dungeon, and saw 6 of its levels.

You collected 273 gold pieces.

Inventory:

Hand Weapons
 a - a +0 falchion (weapon)
Armour
 g - a +0 plate armour (worn)
 w - a +0 pair of boots (worn)
Jewellery
 b - a ring of protection from fire (right hand)
 f - a +6 ring of strength (left hand)
 j - a ring of protection from fire
 u - a ring of protection from fire
 y - a ring of magical power
Wands
 n - a wand of paralysis (4)
 p - a wand of acid (4)
 x - a wand of mindburst (13)
Scrolls
 c - 10 scrolls of identify {unknown}
 d - 2 scrolls of enchant armour {unknown}
 e - 2 scrolls of fear {unknown}
 i - 3 scrolls of immolation {unknown}
 k - 2 scrolls of noise {unknown}
 q - a scroll of magic mapping {unknown}
 s - a scroll of silence {unknown}
 t - a scroll of blinking {unknown}
Potions
 h - a potion of haste {unknown}
 l - 2 potions of attraction {unknown}
 m - a potion of resistance {unknown}
 o - a potion of ambrosia {unknown}
 r - 2 potions of lignification {unknown}
 v - a potion of curing {unknown}


   Skills:
 * Level 7.3 Fighting
 + Level 5.6 Long Blades
 + Level 5.0 Armour
 + Level 4.4 Dodging
 + Level 3.0 Evocations


You had 6 spell levels left.
You didn't know any spells.
Your spell library was empty.

Dungeon Overview and Level Annotations

Branches:
Dungeon (6/15)             Temple (0/1) D:4

Altars:
Dithmenos
Fedhas
Gozag
Nemelex Xobeh
Zin

Shops:
D:1 [


Innate Abilities, Weirdness & Mutations

You have a pair of horns on your head.
You reflexively headbutt those who attack you in melee.


Message History

The yak is moderately wounded.
The yak barely misses you. The yak gores you but does no damage.
You hit the yak. Your headbutt misses the yak.
The yak is moderately wounded.
The yak barely misses you. x2; The yak gores you!
The yak gores you.
A red film seems to cover your vision as you go berserk!
You feel yourself moving faster!
You feel mighty! The yak gores you. The yak gores you but does no damage.
The yak gores you. The yak gores you!
Okay, then.
You hit the yak.
The yak is lightly wounded.
The yak gores you but does no damage. The yak gores you.
The yak barely misses you. The yak gores you but does no damage.
You slash the yak! Your headbutt misses the yak.
The yak is moderately wounded.
The yak gores you but does no damage. The yak gores you! x3
You completely miss the yak. Your headbutt misses the yak.
The yak is moderately wounded.
You slash the yak! You headbutt the yak!
The yak is severely wounded.
The yak gores you!
* * * LOW HITPOINT WARNING * * *
The yak gores you but does no damage. The yak barely misses you.
The yak gores you but does no damage.
You hit the yak.
The yak is severely wounded.
The yak gores you.
* * * LOW HITPOINT WARNING * * *
The yak gores you.
* * * LOW HITPOINT WARNING * * *
The yak gores you!
* * * LOW HITPOINT WARNING * * *
The yak barely misses you. The yak gores you but does no damage.
You slash the yak!
You kill the yak!
Trog accepts your kill.
Your Armour skill increases to level 5!
Your Evocations skill increases to level 3!
The yak gores you!
You die...

#.#....#
#.#....
######.#...
#....<....#
#.........#
.#
#.........#
..##
#.....YY..#
...#
#......Y@.###
##..#####
#......Y....#
........
#.........#.#
####.....#
######.#.^# #
.........#
#.#..# #<..
######.#..#
.........#
..........<#
......#..#
##########.#
#####.#..#
.........# #
####


You could see 4 yaks.

Vanquished Creatures
  A yak (D:6)
  A black bear (D:5)
  An ogre (D:5)
  A necrophage (D:5)
  3 scorpions (D:5)
  A howler monkey (D:4)
  A hound (D:5)
  2 jellies (D:5)
  An orc priest (D:3)
  Ijyb (D:3)
  4 adders
  3 gnolls (D:3)
  A shadow imp (D:5)
  A white imp (D:5)
  An ufetubus (D:5)
  4 worms
  A dart slug (D:2)
  12 orcs
  8 ball pythons
  6 endoplasms
  3 giant cockroaches
  6 goblins
  4 hobgoblins
  7 jackals
  3 quokkas
  2 bats
  3 frilled lizards
  6 kobolds
  3 rats
91 creatures vanquished.

Notes
Turn   | Place    | Note
-------+----------+-------------------------------------------
     0 | D:1      | venomsnake the Minotaur Berserker began the quest for the
                  | Orb.
     0 | D:1      | Reached XP level 1. HP: 19/19 MP: 0/0
   355 | D:1      | Reached XP level 2. HP: 27/27 MP: 1/1
   515 | D:1      | Reached skill level 4 in Fighting
   710 | D:1      | Found Ocigriuc's Armour Shop.
  1110 | D:2      | Reached ** piety under Trog
  1111 | D:2      | Reached XP level 3. HP: 32/33 MP: 2/2
  1742 | D:3      | Reached skill level 1 in Evocations
  1764 | D:3      | Noticed Ijyb
  1764 | D:3      | Paralysed by Ijyb for 2 turns
  1780 | D:3      | Killed Ijyb
  1781 | D:3      | Reached XP level 4. HP: 38/41 MP: 3/3
  1841 | D:3      | Found a faded altar of an unknown god.
  2150 | D:3      | Reached skill level 5 in Fighting
  2191 | D:3      | Reached XP level 5. HP: 33/48 MP: 4/4
  3311 | D:4      | Found a staircase to the Ecumenical Temple.
  3351 | D:4      | Found a blossoming altar of Fedhas.
  3769 | D:4      | Found an opulent altar of Gozag.
  3848 | D:5      | Entered Level 5 of the Dungeon
  3901 | D:5      | Noticed a black bear
  3906 | D:5      | Reached XP level 6. HP: 57/57 MP: 5/5
  3907 | D:5      | Reached skill level 6 in Fighting
  4180 | D:5      | Reached skill level 5 in Long Blades
  4180 | D:5      | Reached XP level 7. HP: 33/64 MP: 6/6
  4353 | D:5      | Reached *** piety under Trog
  4506 | D:5      | Found a sparkling altar of Nemelex Xobeh.
  4506 | D:5      | Found a shadowy altar of Dithmenos.
  4588 | D:5      | Found a glowing silver altar of Zin.
  4588 | D:5      | Noticed an angel
  4655 | D:5      | Reached skill level 7 in Fighting
  4832 | D:6      | Noticed a yak
  4832 | D:6      | Noticed a yak
  4840 | D:6      | Noticed a yak
  4842 | D:6      | Noticed a yak
  4843 | D:6      | Noticed a yak
  4854 | D:6      | Killed a yak
  4855 | D:6      | Reached skill level 5 in Armour
  4855 | D:6      | Slain by a yak

Illustrated notes

Levels and vault maps discovered:
D:1:      dpeg_arrival_rhombi, layout_basic, serial_shops,
          nicolae_lakefront_shop, minmay_misc_feat_hallway, hangedman_decor_push
D:2:      layout_loops_ring, kennysheep_small_spiral
D:3:      kb_forest_paths, layout_basic,
          hellmonk_ecumenical_altar_pennies_from_heaven, uniq_ijyb
D:4:      layout_loops_ring, nicolae_gozag_seed_capital, fedhas_altar_3,
          minmay_temple_entry_statues_fountains
D:5:      layout_rooms, zin_angel, gammafunk_temple_overflow_wave
D:6:      layout_basic, cheibrodos_sewer_entry_sluice, minivault_19,
          uniq_menkaure, uniq_grinder

Skill      XL: |  1  2  3  4  5  6  7 |
---------------+----------------------+-----
Fighting       | 4 5 6 7 |  7.3
Armour         | 3 4 5 |  5.0
Long Blades    | 4 5 |  5.6
Evocations     | 1 2 3 |  3.0
Dodging        | 3 4 |  4.4

Action                   |  1- 3 |  4- 6 |  7- 9 || total
-------------------------+-------+-------+-------++-------
Melee: Falchion          |    96 |   151 |    50 ||   297
       Headbutt          |    15 |    30 |    10 ||    55
       Punch             |     3 |     3 |     1 ||     7
Invok: Berserk           |       |       |     1 ||     1
Armor: Plate armour      |    56 |   103 |    24 ||   183
       Animal skin       |     1 |       |       ||     1
Dodge: Dodged            |    38 |    77 |    27 ||   142
